 Dungeon Crawl Stone Soup version 0.26.0-8-g74fc34ddfb (webtiles) character file.

Game seed: 81849303542354993

1317 vvl the Skirmisher (level 8, -10/72 HPs)
             Began as a Palentonga Berserker on Jan 12, 2021.
             Was a Priest of Trog.
             Killed by divine providence
             ... invoked by an orc priest
              (14 damage)
             ... on level 5 of the Dungeon.
             The game lasted 00:15:05 (5590 turns).

vvl the Skirmisher (Palentonga Berserker)           Turns: 5590, Time: 00:15:15

Health: -10/72     AC: 17    Str: 23    XL:     8   Next: 33%
Magic:  8/8        EV: 10    Int:  7    God:    Trog [***...]
Gold:   229        SH:  0    Dex: 10    Spells: 7/7 levels left

rFire    + + .     SeeInvis +   s - +0 war axe
rCold    . . .     Faith    .   (no shield)
rNeg     . . .     Spirit   .   t - +1 leather armour "Xete" {Harm *Corrode rElec rF++} (curse)
rPois    .         Reflect  .   x - +2 helmet
rElec    +         Harm     +   v - +0 cloak
rCorr    .         Rampage  .   (no gloves)
Will     ++...                  (no barding)
Stlth    +.........             (no amulet)
HPRegen  1.22/turn              (no ring)
MPRegen  0.11/turn              (no ring)

@: regenerating, curled up
A: large, rugged brown scales 3, see invisible, deformed body, roll 1, armoured
tail, reflexive curl
a: Rolling Charge, Renounce Religion, Berserk, Trog's Hand


You were on level 5 of the Dungeon.
You worshipped Trog.
Trog was most pleased with you.
You visited 1 branch of the dungeon, and saw 5 of its levels.

You collected 229 gold pieces.

Inventory:

Hand Weapons
 q - a +1 dagger of venom
 s - a +0 war axe (weapon)
 w - a +0 whip of venom
Missiles
 z - 2 silver javelins
Armour
 b - a +0 animal skin
 t - the cursed +1 leather armour "Xete" (worn) {Harm *Corrode rElec rF++}
   (You found it on level 4 of the Dungeon)

   It greatly protects you from fire.
   It insulates you from electricity.
   It may corrode you when you take damage.
   It increases damage dealt and taken.
   It has a curse placed upon it.
 v - a +0 cloak (worn)
 x - a +2 helmet (worn)
Jewellery
 i - a cursed ring of attention {unknown}
 l - an uncursed ring of magical power {unknown}
 y - an uncursed ring of positive energy {unknown}
Wands
 n - a wand of iceblast (9)
Scrolls
 e - 5 scrolls of identify {unknown}
 f - 3 scrolls of amnesia {unknown}
 g - 4 scrolls of remove curse {unknown}
 h - 2 scrolls of fear {unknown}
 m - a scroll of magic mapping {unknown}
 u - 4 scrolls of enchant weapon {unknown}
Potions
 a - a potion of might {unknown}
 c - a potion of ambrosia {unknown}
 d - 4 potions of heal wounds {unknown}
 j - 2 potions of mutation {unknown}
 k - 2 potions of brilliance {unknown}
 o - 4 potions of curing {unknown}
 p - a potion of magic {unknown}
 r - a potion of haste {unknown}


   Skills:
 + Level 5.2 Fighting
 + Level 5.1 Axes
 + Level 3.8 Armour
 - Level 3.1 Dodging
 + Level 3.3 Shields
 + Level 3.6 Evocations


You had 7 spell levels left.
You didn't know any spells.
Your spell library contained the following spells:

 Spells                   Type           Power        Failure   Level
 Magic Dart               Conj           0%           47%         1
 Blink                    Tloc           N/A          63%         2
 Call Imp                 Summ           0%           63%         2
 Slow                     Hex            0%           63%         2
 Conjure Flame            Conj/Fire      0%           85%         3
 Mephitic Cloud           Conj/Pois/Air  0%           85%         3


Dungeon Overview and Level Annotations

Branches:
Dungeon (5/15)
 Temple: D:4-7

Altars:
Vehumet

Shops:
D:4 :   D:5 }


Innate Abilities, Weirdness & Mutations

You are completely covered in rugged brown scales. (AC +3, +7% HP)
You have supernaturally acute eyesight. (SInv)
Armour fits poorly on your strangely shaped body.
You can roll at nearby foes to attack.
You have a long armoured tail.
You curl defensively after being hit.


Message History

The orc priest misses you.
The orc priest mumbles some strange prayers to Beogh against you.
Beogh smites you!
* * * LOW HITPOINT WARNING * * *
The orc hits you with a +0 falchion.
* * * LOW HITPOINT WARNING * * *
The orc hits you but does no damage.
Things that are here:
a +0 dagger; a +0 robe Your skin crawls.
You feel strong-willed.
The orc priest looks encouraged for a moment.
You slash the orc priest!
You kill the orc priest!
Trog accepts your kill.
The orc zaps a wand.
The mass of ice explodes!
The iceblast engulfs you.
* * * LOW HITPOINT WARNING * * *
The orc priest mumbles some strange prayers to Beogh against you.
Beogh smites you!
You die...

##.>........#
............###
..............
............#
............#
............#
.......oo...#
..##.###)#### .
#@# #. #.##
#.##..###### .# #
.. #...#.##...#
#.#.# ...
##.P.....#####.#.#
..# #.P...###
#.... #.#
#......## ##..#
#.#
.###....#..###...#
#.#
.........#....>..#
#


You could see an orc priest and an orc.

Vanquished Creatures
  A yak (D:4)
  The ghost of Forgeling the Conjurer, an amateur VSCj of Sif Muna (D:4)
  A phantom (D:5)
  A sky beast (D:4)
  A scorpion (D:4)
  4 bullfrog zombies (D:5)
  A centaur skeleton (D:5)
  4 orc wizards
  2 orc priests
  2 bullfrog skeletons
  2 iguanas
  3 worker ants (D:4)
  A killer bee zombie (D:5)
  2 hound zombies (D:5)
  2 worker ant zombies (D:5)
  2 howler monkey zombies (D:5)
  7 gnolls (D:4)
  5 adders
  A white imp (D:5)
  An ufetubus (D:5)
  2 oozes
  3 adder skeletons
  3 worms
  2 dart slugs
  4 leopard geckos
  16 orcs
  4 bats
  A giant cockroach (D:3)
  5 goblins
  5 hobgoblins
  4 jackals (D:2)
  5 kobolds
  2 quokkas
  A ball python (D:2)
  5 frilled lizards
  A jackal skeleton (D:4)
  A leopard gecko zombie (D:5)
  4 rats
112 creatures vanquished.

Vanquished Creatures (others)
  6 withered plants (D:5)
6 creatures vanquished.

Grand Total: 118 creatures vanquished

Notes
Turn   | Place    | Note
-------+----------+-------------------------------------------
     0 | D:1      | vvl the Palentonga Berserker began the quest for the Orb.
     0 | D:1      | Reached XP level 1. HP: 20/20 MP: 1/1
    87 | D:1      | Reached XP level 2. HP: 27/27 MP: 2/2
   682 | D:2      | Reached XP level 3. HP: 27/33 MP: 3/3
   746 | D:2      | Found a radiant altar of Vehumet.
  1240 | D:2      | Reached skill level 1 in Evocations
  1242 | D:2      | Reached ** piety under Trog
  1254 | D:2      | Reached skill level 1 in Shields
  1584 | D:3      | Reached XP level 4. HP: 11/40 MP: 4/4
  2438 | D:3      | Reached XP level 5. HP: 20/48 MP: 5/5
  3376 | D:4      | Reached XP level 6. HP: 39/55 MP: 6/6
  3517 | D:4      | Found Potul's Book Emporium.
  3650 | D:4      | Got a distressingly furry leather armour
  3661 | D:4      | Identified the cursed +1 leather armour "Xete" {Harm
                  | *Corrode rElec rF++} (You found it on level 4 of the
                  | Dungeon)
  3788 | D:4      | Found a transporter.
  3791 | D:4      | Noticed Forgeling's ghost (amateur VSCj)
  3794 | D:4      | Noticed a yak
  3806 | D:4      | Killed a yak
  3815 | D:4      | Killed Forgeling's ghost
  3816 | D:4      | Gained mutation: You curl defensively after being hit.
                  | [Palentonga growth]
  3816 | D:4      | Reached XP level 7. HP: 37/63 MP: 7/7
  3943 | D:4      | Found a transporter.
  4416 | D:4      | Reached *** piety under Trog
  5051 | D:5      | Entered Level 5 of the Dungeon
  5114 | D:5      | Reached XP level 8. HP: 62/71 MP: 8/8
  5359 | D:5      | Reached skill level 5 in Fighting
  5362 | D:5      | Reached skill level 5 in Axes
  5526 | D:5      | Found Cuydwil Jung's Gadget Shoppe.
  5590 | D:5      | Killed from afar by an orc priest

Illustrated notes

Levels and vault maps discovered:
D:1:      nicolae_arrival_memento_mori, layout_basic, st_stairs_12,
          corexii_corridor_pit
D:2:      layout_basic, vehumet_crystals
D:3:      layout_basic
D:4:      layout_cave_pods, serial_shops, shop, gammafunk_ghost_arena
D:5:      layout_rooms, minmay_temple_entry_antechambers, serial_undead,
          serial_undead_c, serial_undead_f, serial_undead_f, serial_undead_f,
          serial_undead_a, serial_undead_b, gammafunk_ghost_cemetery,
          serial_shops, shop

Skill      XL: |  1  2  3  4  5  6  7  8 |
---------------+-------------------------+-----
Dodging        | 2 3 |  3.1
Evocations     | 1 2 3 |  3.6
Armour         | 2 3 |  3.8
Shields        | 1 2 3 |  3.3
Fighting       | 4 5 |  5.2
Axes           | 4 5 |  5.1

Action                   |  1- 3 |  4- 6 |  7- 9 || total
-------------------------+-------+-------+-------++-------
Melee: Hand axe          |   100 |    46 |       ||   146
       Tailslap          |    11 |    11 |    18 ||    40
       War axe           |       |    49 |   140 ||   189
Invok: Berserk           |       |     1 |       ||     1
       Trog's Hand       |       |     1 |     1 ||     2
 Abil: Rolling Charge    |     3 |       |     2 ||     5
 Stab: Sleeping          |     1 |       |       ||     1
Armor: Animal skin       |    40 |    19 |       ||    59
       Leather armour    |       |     7 |    80 ||    87
Dodge: Dodged            |    74 |    55 |    89 ||   218
